 Dungeon Crawl Stone Soup version 0.29-a0-350-g7790a0e70a (webtiles) character file.

Game seed: 5236927940407104745

189 rabbitsville the Skirmisher (level 5, -1/46 HPs)
             Began as a Barachi Berserker on Apr 22, 2022.
             Was a Believer of Trog.
             Splashed by a jelly's acid (10 damage)
             ... on level 4 of the Dungeon.
             The game lasted 00:06:16 (3032 turns).

rabbitsville the Skirmisher (Barachi Berserker)     Turns: 3032, Time: 00:06:17

Health: -1/46      AC:  2    Str: 18    XL:     5   Next: 68%
Magic:  5/5        EV: 12    Int:  7    God:    Trog [**....]
Gold:   185        SH:  5    Dex: 14    Spells: 4/4 levels left

rFire   . . .      SeeInvis .   y - +4 dagger (venom)
rCold   . . .      Faith    .   (no shield)
rNeg    . . .      Spirit   .   g - +0 leather armour
rPois   .          Reflect  +   (no helmet)
rElec   .          Harm     .   (no cloak)
rCorr   .          Rampage  .   v - +0 pair of gloves
Will    .....                   u - +1 pair of boots
Stlth   +.........              c - amulet of reflection
HPRegen 0.15/turn               (no ring)
MPRegen 0.09/turn               (no ring)

@: about to teleport, corroded, unable to hop, slow
A: amphibious, slowness 1, strong legs 1, +LOS
a: Hop, Renounce Religion, Berserk, Trog's Hand


You were on level 4 of the Dungeon.
You worshipped Trog.
Trog was pleased with you.
You visited 1 branch of the dungeon, and saw 4 of its levels.

You collected 185 gold pieces.

Inventory:

Hand Weapons
 a - a +0 falchion
 w - a +0 dagger of holy wrath
 y - a +4 dagger of venom (weapon)
Missiles
 f - a throwing net
Armour
 b - a +0 animal skin
 g - a +0 leather armour (worn)
 u - a +1 pair of boots (worn)
 v - a +0 pair of gloves (worn)
Jewellery
 c - an amulet of reflection (around neck)
 j - an amulet of the acrobat
Wands
 t - a wand of iceblast (9)
Scrolls
 e - 2 scrolls of fear {unknown}
 h - 2 scrolls of teleportation
 i - 2 scrolls of noise {unknown}
 m - a scroll of enchant weapon {unknown}
 n - a scroll of amnesia {unknown}
 r - 3 scrolls of identify {unknown}
 s - 2 scrolls of immolation {unknown}
Potions
 d - a potion of might {unknown}
 k - 4 potions of curing {unknown}
 l - a potion of haste {unknown}
 o - 2 potions of lignification {unknown}
 p - a potion of magic {unknown}
 q - a potion of heal wounds {unknown}
 x - a potion of cancellation {unknown}
 z - a potion of degeneration {unknown}


   Skills:
 + Level 5.8 Fighting
 + Level 5.8 Long Blades
 - Level 2.4 Armour
 - Level 2.1 Dodging


You had 4 spell levels left.
You didn't know any spells.
Your spell library was empty.

Dungeon Overview and Level Annotations

Branches:
Dungeon (4/15)
 Temple: D:4-7

Altars:

Annotations:
D:4 Pikel


Innate Abilities, Weirdness & Mutations

You are amphibious.
You cover ground slowly.
You can hop short distances.
You have an extended range of vision and can be seen from far away.


Message History

The gnoll is moderately wounded.
The gnoll barely misses you.
You hit the gnoll.
The gnoll looks as sick as possible!
The gnoll is heavily wounded.
You block the gnoll's attack.
You hit the gnoll.
You kill the gnoll!
Trog accepts your kill.
You barely miss the jelly. The jelly barely misses you.
You hit the jelly.
Your hands burn!
The jelly is lightly wounded.
The jelly hits you.
You are splashed with acid!
The orc priest invokes the aid of Beogh against you.
Beogh smites you!
You hit the jelly but do no damage.
Your hands burn!
The jelly is lightly wounded.
The jelly hits you but does no damage.
Hop to where?
Press: ? - help, Q - select action, (/) - cycle Dir - move target Boing!
Unknown command.
The orc priest looks satisfied for a moment.
The orc priest looks satisfied for a moment.
Found 23 stones.
The jelly attacks as you move away! You block the jelly's attack.
The jelly attacks as you move away! The jelly hits you. The acid corrodes you!
You are splashed with acid!
* * * LOW HITPOINT WARNING * * *
You see here 23 stones.
You hit the jelly.
Your hands burn!
* * * LOW HITPOINT WARNING * * *
The jelly is moderately wounded.
You block the jelly's attack.
The orc priest casts a cantrip, but nothing happens.
As you read the scroll labelled CED MEVORO, it crumbles to dust.
You feel strangely unstable.
It was a scroll of teleportation.
The jelly hits you.
* * * LOW HITPOINT WARNING * * *
You are splashed with acid!
You die...

.# .# ##.# ###..#
####...#
#####......##
#####...o..####.#
#.J..o###### #.#
#@##### #J## ###
##.# #.# #.o ##.
#< #† ## #


You could see a jelly, an orc priest and an orc.

Vanquished Creatures
  A gnoll shaman (D:4)
  Jessica (D:2)
  3 adders (D:3)
  4 gnolls
  2 worms (D:3)
  A dart slug (D:1)
  2 orcs
  6 endoplasms
  A giant cockroach (D:2)
  10 goblins
  3 hobgoblins (D:1)
  6 kobolds
  2 quokkas
  6 ball pythons
  3 bats
  5 frilled lizards
  4 rats
60 creatures vanquished.

Notes
Turn   | Place    | Note
-------+----------+-------------------------------------------
     0 | D:1      | rabbitsville the Barachi Berserker began the quest for the
                  | Orb.
     0 | D:1      | Reached XP level 1. HP: 18/18 MP: 1/1
    52 | D:1      | Found a faded altar of an unknown god.
    93 | D:1      | Reached XP level 2. HP: 25/25 MP: 2/2
   498 | D:1      | Reached XP level 3. HP: 24/31 MP: 3/3
  1167 | D:2      | Reached ** piety under Trog
  1938 | D:2      | Noticed Jessica
  1942 | D:2      | Killed Jessica
  1943 | D:2      | Reached XP level 4. HP: 38/38 MP: 4/4
  2051 | D:3      | Reached skill level 5 in Fighting
  2051 | D:3      | Reached skill level 5 in Long Blades
  2528 | D:3      | Reached XP level 5. HP: 37/44 MP: 5/5
  2938 | D:4      | Noticed Pikel
  2938 | D:4      | Noticed a lemure
  2938 | D:4      | Noticed a lemure
  2938 | D:4      | Noticed a lemure
  2938 | D:4      | Noticed a lemure
  2986 | D:4      | Noticed a black bear
  3032 | D:4      | Splashed by a jelly's acid

Illustrated notes

Levels and vault maps discovered:
D:1:      dpeg_arrival_ternary, layout_loops_ring,
          dreamdust_ecumenical_altar_statues
D:2:      layout_loops_cross, uniq_jessica
D:3:      layout_loops_ring, minmay_cut_off
D:4:      mumra_celtic_spiral_tile, layout_cave_pods, uniq_pikel, uniq_ijyb

Skill      XL: |  1  2  3  4 |
---------------+-------------+-----
Fighting       | 4 5 |  5.8
Long Blades    | 4 5 |  5.8
Armour         | |  2.4
Dodging        | |  2.1

Action                   |  1- 3 |  4- 6 || total
-------------------------+-------+-------++-------
Melee: Falchion          |   111 |    55 ||   166
       Dagger            |       |    47 ||    47
       Punch             |       |     2 ||     2
 Abil: Hop               |     3 |     1 ||     4
  Use: Scroll            |       |     1 ||     1
 Stab: Sleeping          |     3 |       ||     3
Armor: Animal skin       |     5 |       ||     5
       Leather armour    |    14 |    14 ||    28
Dodge: Dodged            |    59 |    47 ||   106
Block: Other             |    21 |    27 ||    48
       Reflection        |     1 |       ||     1

Table legend: (Time is in decaauts)
 A = Elapsed time spent in this place.
 B = Non-inter-level travel time spent in this place.
 C = Inter-level travel time spent in this place.
 D = Time resting spent in this place.
 E = Time spent auto-exploring this place.
 F = Levels seen in this place.
 G = Mean time per level.
                   A        B        C        D        E       F      G
               +--------+--------+--------+--------+--------+-----+--------+
         Total |   3423 |   3313 |    110 |      0 |   2544 |   4 |  855.8 |
       Dungeon |   3423 |   3313 |    110 |      0 |   2544 |   4 |  855.8 |
               +--------+--------+--------+--------+--------+-----+--------+

Top non-repeatable levels by time:
     D:1: 1215 daAuts
     D:3: 1092 daAuts
     D:2: 1051 daAuts
     D:4: 64 daAuts
